 Dungeon Sprint DCSS version 0.32-a0-932-g546787307d (webtiles) character file.

Game seed: 7233472050446768975

23638 Conn the Devastator (level 13, -2/89 (95) HPs)
             Began as an Octopode Fire Elementalist on Apr 10, 2024.
             Was the Champion of Sif Muna.
             Killed from afar by a nagaraja (19 damage)
             ... with a splash of poison
             ... in the Dungeon (Sprint VII: "The Pits") on Apr 14, 2024.
             The game lasted 00:40:30 (3794 turns).

Conn the Devastator (Octopode Fire Elementalist)    Turns: 3794, Time: 00:40:30

HP:   -2/89 (95)    AC:  3    Str:  8    XL:     13   Next: 8%
MP:   2/31          EV: 19    Int: 25    God:    Sif Muna [******]
Gold: 13            SH:  0    Dex: 12    Spells: 7/41 levels left

rFire   . . .        a - staff of conjuration
rCold   . . .        (no shield)
rNeg    + . .        f - +2 hat {Will+}
rPois   .            (no amulet)
rElec   .            m - +3 ring of intelligence
rCorr   .            n - +3 ring of evasion
SInv    +            x - ring of positive energy
Will    +....        A - ring of see invisible
Stlth   +++          (no ring)
HPRegen 0.34/turn    (no ring)
MPRegen 0.22/turn    (no ring)
                     (no ring)

%: no teleportation
@: lethally poisoned (-2 -> -23), drained
A: almost no armour, amphibious, 8 rings, camouflage 1, gelatinous body 1,
(nimble swimmer 1), tentacles
a: Renounce Religion, Channel Magic, Forget Spell, Divine Exegesis


You were in the Dungeon.
You worshipped Sif Muna.
Sif Muna was exalted by your worship.
You visited 1 branch You collected 13 gold pieces.

Inventory:

Hand Weapons
 b - a +2 halberd of protection
 g - a +2 falchion
 l - a +2 flail of protection
Missiles
 C - 2 curare-tipped darts (quivered)
Armour
 f - a +2 hat of willpower (worn)
Magical Staves
 a - a staff of conjuration (weapon)
Jewellery
 m - a +3 ring of intelligence (left tentacle)
 n - a +3 ring of evasion (right tentacle)
 x - a ring of positive energy (on tentacle)
 A - a ring of see invisible (on tentacle)
Wands
 h - a wand of mindburst (16)
 y - a wand of charming (4)
Scrolls
 i - 2 scrolls of vulnerability
 j - 4 scrolls of amnesia
 k - a scroll of summoning
 o - 4 scrolls of enchant armour
 r - a scroll of fog
 s - a scroll of fear
 u - a scroll of blinking
 v - 2 scrolls of enchant weapon
 w - a scroll of identify
Potions
 c - 8 potions of heal wounds
 d - a potion of haste
 e - 2 potions of berserk rage
 p - 3 potions of brilliance
 q - 7 potions of curing
 t - 2 potions of mutation
 z - 2 potions of might
 B - 4 potions of magic


   Skills:
 + Level 11.5 Fighting
 - Level 8.0 Polearms
 + Level 11.6 Dodging
 - Level 2.8 Stealth
 * Level 14.6 Spellcasting
 * Level 15.6 Conjurations
 - Level 3.0 Hexes
 + Level 11.7 Fire Magic
 + Level 9.3 Air Magic
 - Level 5.0 Earth Magic
 + Level 12.2 Invocations


You had 7 spell levels left.
You knew the following spells:

 Your Spells              Type           Power      Damage    Failure   Level
a - Foxfire               Conj/Fire      100%       2x1d9     0%          1
b - Scorch                Fire           100%       2d9       1%          2
c - Inner Flame           Hex/Fire       53%        N/A       1%          3
d - Flame Wave            Conj/Fire      92%        2d19      1%          4
e - Starburst             Conj/Fire      46%        6d13      1%          6
f - Arcjolt               Conj/Air       44%        1d54      1%          5
g - Fireball              Conj/Fire      46%        3d18      1%          5
i - Brom's Barrelling Bo  Conj/Erth      81%        2d9       1%          4
j - Summon Blazeheart Go  Fire/Summ      47%        N/A       2%          4

Your spell library contained the following spells:

 Spells                   Type           Power      Damage    Failure   Level
 Magic Dart               Conj           100%       1d8       0%          1
 Searing Ray              Conj           100%       2d8       0%          2
 Kiss of Death            Conj/Necr      100%       2d13      1%          1
 Sandblast                Erth           86%        2d18      1%          1
 Shock                    Conj/Air       100%       1d9       1%          1
 Sting                    Conj/Alch      100%       1d9       1%          1
 Jinxbite                 Hex            66%        N/A       1%          2
 Mercury Vapours          Alch/Air       82%        N/A       1%          2
 Momentum Strike          Conj/Tloc      100%       3d10      1%          2
 Static Discharge         Conj/Air       100%       3-8/arc   1%          2
 Dazzling Flash           Conj/Hex       100%       N/A       1%          3
 Hailstorm                Conj/Ice       72%        3d13      1%          3
 Stone Arrow              Conj/Erth      100%       3d13      1%          3
 Volatile Blastmotes      Fire/Tloc      94%        2d17      1%          3
 Fulminant Prism          Conj/Alch      36%        3d18      1%          4
 Iskenderun's Battlesphe  Conj           98%        2d14      1%          5
 Ignite Poison            Fire/Alch      47%        N/A       2%          4
 Sticky Flame             Fire/Alch      47%        2d9       2%          4
 Freezing Cloud           Conj/Ice/Air   37%        6-21      2%          5
 Conjure Ball Lightning   Conj/Air       44%        3x3d15    2%          6
 Summon Small Mammal      Summ           72%        N/A       3%          1
 Call Imp                 Summ           36%        N/A       4%          2
 Summon Lightning Spire   Summ/Air       41%        N/A       4%          4
 Vhi's Electric Charge    Tloc/Air       82%        N/A       4%          4
 Orb of Destruction       Conj           49%        9d13      4%          7
 Silence                  Hex/Air        24%        N/A       7%          5
 Bombard                  Conj/Erth      40%        9d7       7%          6
 Call Canine Familiar     Summ           18%        N/A       10%         3
 Petrify                  Alch/Erth      30%        N/A       11%         4
 Anguish                  Hex/Necr       12%        N/A       17%         4
 Olgreb's Toxic Radiance  Alch           18%        N/A       30%         4
 Borgnjor's Vile Clutch   Necr/Erth      15%        N/A       30%         5
 Spellforged Servitor     Conj/Summ      36%        N/A       71%         7
 Permafrost Eruption      Ice/Erth       15%        2x4d4     86%         6
 Ignition                 Fire           33%        3d10      85%         8
 Maxwell's Capacitive Co  Air            30%        ∞         99%         8
 Chain Lightning          Conj/Air       44%        3d58      100%        9
 Dragon's Call            Summ           9%         N/A       100%        9
 Fire Storm               Conj/Fire      46%        8d12      100%        9


Dungeon Overview and Level Annotations

Branches:
Dungeon (1/1)

Altars:
Ashenzari
Cheibriados
Dithmenos
Elyvilon
Fedhas
Gozag
Hepliaklqana
Kikubaaqudgha
Makhleb
Nemelex Xobeh
Okawaru
Qazlal
Ru
Sif Muna
Trog
Uskayaw
Vehumet
Wu Jian
Xom
Yredelemnul
Zin
The Shining One
Beogh
Jiyva
Lugonu


Innate Abilities, Weirdness & Mutations

You cannot wear most types of armour.
You are amphibious.
You can wear up to eight rings at the same time.
Your skin changes colour to match your surroundings (Stealth+).
Your rubbery body absorbs attacks. (AC +1, EV +1)
((You are camouflaged when in or above water. (Stealth+)))
You have tentacles for arms and can constrict up to eight enemies at once.


Message History

Casting: Starburst (dangerous; 1% risk of failure)
Confirm with . or Enter, or press ? or * to list all spells.
You feel a surge of power!
Electricity surges outward!
The nagaraja is struck by an electric surge!
The nagaraja is lightly wounded.
The yak is struck by an electric surge!!
The yak is severely wounded.
The skeletal warrior is struck by an electric surge!!!
The skeletal warrior is heavily damaged.
You hear a deafening roar!
You hear a bellow!
The nagaraja hits you with a +2 battleaxe of draining!!
You partially resist.
You feel drained. The nagaraja closely misses you.
You hear a bellow!
You hear a shout! x2
Unknown command.
Casting: Arcjolt (mildly dangerous; 1% risk of failure)
Confirm with . or Enter, or press ? or * to list all spells.
Okay, then.
Unknown command.
As you read the scroll of fear, it crumbles to dust.
You assume a fearsome visage.
The yak looks frightened!
The skeletal warrior is unaffected.
The nagaraja resists with almost no effort.
The guardian serpent easily resists.
The guardian serpent coils itself and waves its upper body at you.
The skeletal warrior blinks!
The nagaraja hits you with a +2 battleaxe of draining!!
You partially resist.
You feel drained. The nagaraja grabs you. The nagaraja constricts you!
* * * LOW HITPOINT WARNING * * *
Unknown command.
Blink to where?
Press: ? - help, Dir - move target You blink free of the nagaraja.
As you read the scroll of blinking, it crumbles to dust.
The nagaraja points at you and mumbles some strange words.
You resist with significant effort. The nagaraja spits poison at you.
The splash of poison hits you!!
You are lethally poisoned!
You die...

...................''..........#
.################..##..#....#..#
.# #.#..##..........+ .#
#†##..##..........+ .# #S#
#..####''####''# .# #Y#
#..####''####''## .# #)#
#..##...÷[.##....
.#########N######..##.#'##.##....
........zY.z....@..##.#.|†.##..##
..........N........##.'.[#.##..#
########++###########.#.)'.##..#
########++###########.'))#.##..#
...............##..##.##'#.##..#
.....#..#......##..##......##).#
...............''..##########..#
......)........''..##########..#
.....#..#......##.÷....).......#


You could see 2 nagarajas, a skeletal warrior and a yak.

Vanquished Creatures
  Gastronok (D)
  A dire elephant (D)
  A mummy priest (D)
  Josephine (D)
  A hydra (D)
  A catoblepas (D)
  An anaconda (D)
  A vampire mage (D)
  A demonic crawler (D)
  A two-headed ogre (D)
  A sun demon (D)
  2 deep elf knights (D)
  Sonja (D)
  3 skeletal warriors (D)
  An arcanist (D)
  Pikel (D)
  A deep elf zephyrmancer (D)
  A phantasmal warrior (D)
  3 deep elf pyromancers (D)
  An ugly thing (D)
  A manticore (D)
  2 orange demons (D)
  A gargoyle (D)
  A molten gargoyle (D)
  A smoke demon (D)
  A rime drake (D)
  An efreet (D)
  Psyche (D)
  3 red devils (D)
  Grinder (D)
  8 blink frogs (D)
  A glass eye (D)
  2 air elementals (D)
  A shadow (D)
  6 wraiths (D)
  2 ynoxinuls (D)
  A spriggan (D)
  7 yaks (D)
  A wyvern (D)
  A basilisk (D)
  Grum (D)
  A chaos spawn (D)
  2 sky beasts (D)
  2 ogres (D)
  6 wolves (D)
  A phantom (D)
  A scorpion (D)
  4 killer bees (D)
  A quasit (D)
  An iron imp (D)
  3 orc wizards (D)
  A river rat (D)
  2 adders (D)
  A gnoll (D)
  2 white imps (D)
  An ufetubus (D)
  An adder skeleton (D)
  A dart slug (D)
  An orc (D)
  A bat (D)
  A bat skeleton (D)
  2 goblins (D)
  A kobold (D)
  4 quokkas (D)
  A ball python (D)
  A bat simulacrum (D)
  3 frilled lizards (D)
115 creatures vanquished.

Vanquished Creatures (others)
  A wolf (D)
  A jelly (D)
  A blazeheart core (D)
  100 foxfires (D)
103 creatures vanquished.

Grand Total: 218 creatures vanquished

Notes
Turn   | Place    | Note
-------+----------+-------------------------------------------
     0 | D        | Conn the Octopode Fire Elementalist began the quest for the
                  | Orb.
     0 | D        | Reached XP level 1. HP: 11/11 MP: 3/3
     0 | D        | Upgraded the game from 0.32-a0-918-g0f22ef8d61 to
                  | 0.32-a0-932-g546787307d
    51 | D        | Found a glowing golden altar of the Shining One.
    51 | D        | Found a glowing silver altar of Zin.
    51 | D        | Found a basalt altar of Yredelemnul.
    51 | D        | Found a shimmering altar of Xom.
    51 | D        | Found an ornate altar of the Wu Jian Council.
    51 | D        | Found a bloodstained altar of Trog.
    51 | D        | Found a shimmering blue altar of Sif Muna.
    51 | D        | Found a sacrificial altar of Ru.
    51 | D        | Found a stormy altar of Qazlal.
    51 | D        | Found an iron altar of Okawaru.
    51 | D        | Found a sparkling altar of Nemelex Xobeh.
    51 | D        | Found a burning altar of Makhleb.
    51 | D        | Found a viscous altar of Jiyva.
    51 | D        | Found a hazy altar of Hepliaklqana.
    51 | D        | Found an opulent altar of Gozag.
    51 | D        | Found a blossoming altar of Fedhas.
    51 | D        | Found a white marble altar of Elyvilon.
    51 | D        | Found a shadowy altar of Dithmenos.
    51 | D        | Found a snail-covered altar of Cheibriados.
    52 | D        | Found a radiant altar of Vehumet.
    52 | D        | Found a corrupted altar of Lugonu.
    52 | D        | Found a roughly hewn altar of Beogh.
    53 | D        | Found an ancient bone altar of Kikubaaqudgha.
    53 | D        | Found a hide-covered altar of Uskayaw.
    53 | D        | Found a broken altar of Ashenzari.
    54 | D        | Became a worshipper of Sif Muna the Loreminder
   119 | D        | Reached * piety under Sif Muna
   137 | D        | Reached skill level 1 in Fighting
   137 | D        | Reached skill level 2 in Conjurations
   137 | D        | Reached skill level 1 in Invocations
   137 | D        | Reached XP level 2. HP: 18/18 MP: 3/5
   163 | D        | Learned a level 2 spell: Scorch
   214 | D        | Reached ** piety under Sif Muna
   215 | D        | Reached XP level 3. HP: 24/24 MP: 2/7
   215 | D        | Noticed a phantom
   224 | D        | Killed a phantom
   225 | D        | Reached skill level 4 in Conjurations
   225 | D        | Reached XP level 4. HP: 8/30 MP: 3/10
   351 | D        | Learned a level 3 spell: Inner Flame
   356 | D        | Learned a level 4 spell: Flame Wave
   376 | D        | Noticed Grinder
   386 | D        | Killed Grinder
   386 | D        | Reached *** piety under Sif Muna
   387 | D        | Reached skill level 5 in Dodging
   387 | D        | Reached skill level 6 in Conjurations
   387 | D        | Reached skill level 5 in Fire Magic
   387 | D        | Reached XP level 5. HP: 38/38 MP: 0/13
   387 | D        | Reached XP level 6. HP: 44/44 MP: 0/15
   528 | D        | Noticed a sky beast
   531 | D        | Noticed a sky beast
   550 | D        | Killed a sky beast
   550 | D        | Reached **** piety under Sif Muna
   551 | D        | Reached skill level 7 in Conjurations
   551 | D        | Reached skill level 5 in Invocations
   551 | D        | Reached XP level 7. HP: 38/49 MP: 9/17
   619 | D        | Reached skill level 5 in Fighting
   671 | D        | Noticed Pikel
   682 | D        | Killed Pikel
   683 | D        | Reached skill level 8 in Conjurations
   683 | D        | Reached XP level 8. HP: 57/57 MP: 6/20
   768 | D        | Noticed a ynoxinul
   788 | D        | Killed a ynoxinul
   833 | D        | Reached ***** piety under Sif Muna
   836 | D        | Received a gift from Sif Muna
   837 | D        | Reached skill level 9 in Conjurations
   837 | D        | Got Sif Muna's Octavo of the Molten Barrage {god gift}
   849 | D        | Learned a level 6 spell: Starburst
   855 | D        | Learned a level 5 spell: Arcjolt
   893 | D        | Noticed a red devil
   939 | D        | Killed a red devil
   940 | D        | Reached skill level 1 in Air Magic
   950 | D        | HP: 2/58 [killer bee (8)]
  1124 | D        | Noticed a deep elf knight
  1124 | D        | Noticed a deep elf pyromancer
  1124 | D        | Noticed a deep elf zephyrmancer
  1124 | D        | Noticed a deep elf pyromancer
  1125 | D        | Noticed a deep elf knight
  1139 | D        | Reached XP level 9. HP: 55/63 MP: 12/22
  1139 | D        | Killed a deep elf zephyrmancer
  1139 | D        | Killed a deep elf knight
  1140 | D        | Reached skill level 10 in Conjurations
  1140 | D        | Killed a deep elf pyromancer
  1141 | D        | Reached skill level 10 in Spellcasting
  1141 | D        | Killed a deep elf knight
  1141 | D        | Received a gift from Sif Muna
  1142 | D        | Reached skill level 11 in Conjurations
  1142 | D        | Reached XP level 10. HP: 62/72 MP: 21/24
  1144 | D        | Killed a deep elf pyromancer
  1149 | D        | Got Sif Muna's Folio of Feathers and Misfortune {god gift}
  1287 | D        | Noticed Josephine
  1291 | D        | Noticed a manticore
  1299 | D        | Reached skill level 5 in Air Magic
  1299 | D        | Received a gift from Sif Muna
  1305 | D        | Killed a manticore
  1306 | D        | Reached skill level 5 in Polearms
  1307 | D        | Killed Josephine
  1308 | D        | Reached skill level 12 in Conjurations
  1311 | D        | Received a gift from Sif Muna
  1312 | D        | Got Sif Muna's Compendium of Metallic Impulse {god gift}
  1318 | D        | Noticed an orange demon
  1319 | D        | Learned a level 5 spell: Fireball
  1335 | D        | Killed an orange demon
  1336 | D        | Reached XP level 11. HP: 28/78 MP: 1/26
  1376 | D        | Noticed Psyche
  1514 | D        | Noticed Grum
  1519 | D        | Killed Grum
  1590 | D        | Killed Psyche
  1666 | D        | Learned a level 3 spell: Stone Arrow
  1680 | D        | Noticed an eight-headed hydra
  1683 | D        | Received a gift from Sif Muna
  1683 | D        | Reached ****** piety under Sif Muna
  1684 | D        | Reached skill level 1 in Earth Magic
  1685 | D        | Reached skill level 10 in Invocations
  1690 | D        | Killed an eight-headed hydra
  1691 | D        | Reached skill level 13 in Conjurations
  1697 | D        | Got Sif Muna's Volume of Power {god gift}
  1700 | D        | Received a gift from Sif Muna
  1701 | D        | Reached skill level 10 in Fire Magic
  1701 | D        | Got Sif Muna's Exposition on Conflict {god gift}
  1793 | D        | Learned a level 4 spell: Brom's Barrelling Boulder
  1958 | D        | Reached skill level 10 in Dodging
  1970 | D        | Received a gift from Sif Muna
  1971 | D        | Got Sif Muna's Codex of Electrocution {god gift}
  2022 | D        | Noticed a demonic crawler
  2065 | D        | Noticed a sun demon
  2094 | D        | Killed a sun demon
  2160 | D        | Killed a demonic crawler
  2160 | D        | Received a gift from Sif Muna
  2161 | D        | Reached skill level 10 in Fighting
  2161 | D        | Got Sif Muna's Catalogue of Unified Lava {god gift}
  2307 | D        | Reached XP level 12. HP: 45/87 MP: 21/28
  2443 | D        | Noticed Gastronok
  2450 | D        | Received a gift from Sif Muna
  2451 | D        | Reached skill level 14 in Conjurations
  2451 | D        | Got Boxzusu's Almanac of the Deep Freeze and Hurting {god
                  | gift}
  2461 | D        | Killed Gastronok
  2694 | D        | Noticed a two-headed ogre
  2702 | D        | Killed a two-headed ogre
  2796 | D        | Noticed an anaconda
  2802 | D        | Reached skill level 5 in Earth Magic
  2881 | D        | Killed an anaconda
  3002 | D        | Noticed Sonja
  3013 | D        | Killed Sonja
  3013 | D        | Received a gift from Sif Muna
  3120 | D        | Learned a level 4 spell: Summon Blazeheart Golem
  3237 | D        | Noticed a death knight
  3437 | D        | Noticed a dire elephant
  3437 | D        | Noticed a mummy priest
  3437 | D        | Noticed a vampire mage
  3441 | D        | Noticed a catoblepas
  3448 | D        | Paralysed by an air elemental for 1 turns
  3449 | D        | Received a gift from Sif Muna
  3456 | D        | Killed a vampire mage
  3457 | D        | Reached skill level 15 in Conjurations
  3468 | D        | Killed a mummy priest
  3470 | D        | Killed a dire elephant
  3476 | D        | Killed a catoblepas
  3696 | D        | Got Sif Muna's Incunable of Hylic Erosion {god gift}
  3789 | D        | Received a gift from Sif Muna
  3790 | D        | Reached XP level 13. HP: 95/95 MP: 18/31
  3790 | D        | Noticed a nagaraja
  3794 | D        | Noticed a nagaraja
  3794 | D        | Killed from afar by a nagaraja

Illustrated notes

Levels and vault maps discovered:
D:        pitsprint [storerooms_1, entrance_room_1, metal_vault_2, armoury_1,
          mini_pit_1, grid_room_1, main_hall_1, silver_pit, the_coven_1,
          the_vestibule_1, steel_vault_1, golden_pit, hallway_of_sentries,
          crystal_vault_4, iron_vault_3, final_vault]

Skill      XL: |  1  2  3  4  5  6  7  8  9 10 11 12 |
---------------+-------------------------------------+-----
Fighting       | 1 2 4 6 7 8 10 11 | 11.5
Conjurations   | 2 4 6 7 8 9 11 12 13 15 | 15.6
Invocations    | 1 3 4 5 6 7 8 9 10 12 | 12.2
Spellcasting   | 3 4 6 8 9 10 11 12 14 | 14.6
Dodging        | 3 5 6 7 8 9 10 11 | 11.6
Fire Magic     | 4 5 6 7 8 9 10 11 | 11.7
Hexes          | 2 3 |  3.0
Air Magic      | 2 4 5 7 9 |  9.3
Polearms       | 3 5 7 8 |  8.0
Earth Magic    | 4 5 |  5.0
Stealth        | |  2.8

Action                     |  1- 3 |  4- 6 |  7- 9 | 10-12 | 13-15 || total
---------------------------+-------+-------+-------+-------+-------++-------
  Melee: Falchion          |     9 |     1 |       |       |       ||    10
         Tentacles         |     2 |     2 |     4 |     5 |       ||    13
         Constrict         |     1 |     2 |     6 |     1 |       ||    10
         Flail             |       |     2 |    21 |       |       ||    23
         Halberd           |       |       |       |    11 |       ||    11
         Staff             |       |       |       |     7 |       ||     7
  Throw: Dart              |       |       |       |     1 |       ||     1
   Cast: Foxfire           |    16 |     7 |     6 |    32 |       ||    61
         Scorch            |       |     7 |     6 |    32 |       ||    45
         Inner Flame       |       |     1 |     7 |    29 |       ||    37
         Flame Wave        |       |       |     4 |     6 |       ||    10
         Arcjolt           |       |       |       |    20 |     1 ||    21
         Fireball          |       |       |       |    12 |       ||    12
         Starburst         |       |       |       |    15 |     2 ||    17
         Stone Arrow       |       |       |       |    18 |       ||    18
         Brom's Barrelling |       |       |       |     8 |       ||     8
         Summon Blazeheart |       |       |       |     2 |       ||     2
 Invoke: Channel Magic     |     1 |       |     1 |     8 |       ||    10
    Use: Potion            |     2 |       |     4 |    12 |       ||    18
         Scroll            |       |       |       |     2 |     2 ||     4
   Stab: Sleeping          |       |       |       |     1 |       ||     1
 Armour: Skin              |    13 |     9 |    24 |    49 |     4 ||    99
  Dodge: Dodged            |     9 |     7 |    52 |    63 |     2 ||   133

Table legend: (Time is in decaauts)
 A = Elapsed time spent in this place.
 B = Non-inter-level travel time spent in this place.
 C = Inter-level travel time spent in this place.
 D = Time resting spent in this place.
 E = Time spent auto-exploring this place.
 F = Levels seen in this place.
 G = Mean time per level.
                   A        B        C        D        E       F      G
               +--------+--------+--------+--------+--------+-----+--------+
         Total |   3767 |   3767 |      0 |   2024 |      0 |   1 | 3767.0 |
       Dungeon |   3767 |   3767 |      0 |   2024 |      0 |   1 | 3767.0 |
               +--------+--------+--------+--------+--------+-----+--------+

Top non-repeatable levels by time:
       D: 3767 daAuts
